 Dungeon Crawl Stone Soup version 0.31-a0-1242-g57893ffec4 (webtiles) character file.

Game seed: 1152466175068468563

489857 MacCMillion the Hoplite (level 23, -13/229 HPs)
             Began as a Minotaur Fighter on Dec 16, 2023.
             Was a High Priest of Okawaru.
             Mangled by a tengu reaver
             ... wielding the +2 broad axe "Killer Bee's Regret" {antimagic, *Rage Will++ rCorr}
              (33 damage)
             ... on level 5 of the Vaults.
             The game lasted 02:10:45 (58549 turns).

MacCMillion the Hoplite (Minotaur Fighter)         Turns: 58549, Time: 02:10:46

Health: -13/229    AC: 34    Str: 44    XL:     23   Next: 68%
Magic:  14/31      EV: 17    Int:  5    God:    Okawaru [*****.]
Gold:   2344       SH: 36    Dex: 15    Spells: 22/22 levels left

rFire   + + .        J - +9 broad axe (flame)
rCold   + . .        y - +6 tower shield of the Hanged Man {^Drain +Blink rElec Str+4}
rNeg    . . .        z - +0 gold dragon scales "Zodgh" {rPois rF+ rC+ SInv}
rPois   +            T - +1 hat
rElec   +            S - +0 cloak
rCorr   .            K - +0 pair of gloves {Dex+3}
SInv    +            U - +0 pair of boots of Words of Power {Str+4}
Will    ++...        a - amulet of reflection Stlth
                     E - ring of protection from fire
HPRegen 0.58/turn    V - ring "Giyt" {rElec rPois Will+ Str+6}
MPRegen 0.22/turn

%: reflection
@: heroic, studying 2 skills
A: horns 2, retaliatory headbutt
}: 2/15 runes: barnacled, gossamer
a: Renounce Religion, Evoke Blink, Heroism, Finesse, Duel


You were on level 5 of the Vaults.
You worshipped Okawaru.
Okawaru was extremely pleased with you.
You visited 8 branches of the dungeon, and saw 42 of its levels.
You visited the Abyss 1 time.
You also visited: Bailey.

You collected 6463 gold pieces.
You spent 4119 gold pieces at shops.

Inventory:

Hand Weapons
 o - a +2 broad axe of chaos
 J - a +9 broad axe of flaming (weapon)
Missiles
 c - 23 javelins (quivered)
 A - 41 boomerangs
 O - 5 throwing nets
 P - 10 silver javelins
 X - 7 curare-tipped darts
Armour
 y - the +6 tower shield of the Hanged Man (worn) {^Drain +Blink rElec Str+4}
   (You acquired it on level 14 of the Dungeon)

   Str+4:     It affects your strength (+4).
   rElec:     It insulates you from electricity.
   +Blink:    It lets you blink.
   ^Drain:    It drains your maximum health when unequipped.
 z - the +0 gold dragon scales "Zodgh" (worn) {rPois rF+ rC+ SInv}
   (Okawaru gifted it to you on level 4 of the Lair of Beasts)

   rF+:       It protects you from fire.
   rC+:       It protects you from cold.
   rPois:     It protects you from poison SInv: It lets you see invisible.
 K - a +0 pair of gloves of dexterity (worn)
 S - a +0 cloak (worn)
 T - a +1 hat (worn)
 U - the +0 pair of boots of Words of Power (worn) {Str+4}
   (You found it on level 4 of the Spider Nest)

   Str+4:     It affects your strength (+4).
Jewellery
 a - an amulet of reflection (around neck)
 b - a ring of positive energy
 i - a ring of protection from cold
 n - a ring of positive energy
 C - a ring of resist corrosion
 E - a ring of protection from fire (left hand)
 N - a +5 ring of evasion
 V - the ring "Giyt" (right hand) {rElec rPois Will+ Str+6}
   (You bought it in a shop on level 3 of the Dungeon)

   [ring of strength]

   Str+6:     It affects your strength (+6).
   rElec:     It insulates you from electricity.
   rPois:     It protects you from poison Will+: It increases your willpower.
 Z - the ring "Ceifux" {Fly Str+5 Int+2}
   (You found it on level 4 of the Shoals)

   [ring of flight]

   Str+5:     It affects your strength (+5).
   Int+2:     It affects your intelligence (+2).
   Fly:       It grants you flight.
Wands
 I - a wand of paralysis (43)
 M - a wand of quicksilver (24)
 W - a wand of digging (14)
 Y - a wand of roots (33)
Scrolls
 f - 5 scrolls of blinking
 g - 12 scrolls of teleportation
 h - a scroll of immolation
 l - 4 scrolls of poison
 m - 5 scrolls of torment
 p - 6 scrolls of noise
 q - 6 scrolls of enchant armour
 r - 3 scrolls of revelation
 x - 7 scrolls of fear
 D - 5 scrolls of vulnerability
 L - 2 scrolls of silence
 Q - 9 scrolls of fog
Potions
 d - 5 potions of might
 e - 15 potions of curing
 j - 4 potions of resistance
 k - 9 potions of mutation
 s - 7 potions of cancellation
 t - 10 potions of invisibility
 u - 8 potions of enlightenment
 v - a potion of experience
 w - 7 potions of heal wounds
 B - 3 potions of ambrosia
 F - 2 potions of berserk rage
 G - 10 potions of haste
 H - 7 potions of lignification
 R - 9 potions of attraction


   Skills:
 + Level 24.2(27) Fighting
 - Level 22.0(27) Axes
 - Level 16.0(21.0) Throwing
 + Level 23.1(27) Armour
 - Level 12.0(17.0) Dodging
 + Level 24.2(27) Shields
 - Level 12.0 Invocations
 - Level 5.0 Evocations


You had 22 spell levels left.
You didn't know any spells.
Your spell library contained the following spells:

 Spells                   Type           Power      Damage    Failure   Level
 Freeze                   Ice            0%         1d3       86%         1
 Necrotise                Necr           0%         1d4       86%         1
 Shock                    Conj/Air       0%         1d3       86%         1
 Sting                    Tmut/Pois      0%         1d3       86%         1
 Ensorcelled Hibernation  Hex/Ice        0%         N/A       95%         2
 Jinxbite                 Hex            0%         N/A       95%         2
 Poisonous Vapours        Pois/Air       0%         N/A       95%         2
 Static Discharge         Conj/Air       0%         3-3/arc   95%         2
 Frozen Ramparts          Ice            0%         1d1       99%         3
 Hailstorm                Conj/Ice       0%         3d5       99%         3
 Mephitic Cloud           Conj/Pois/Air  0%         N/A       99%         3
 Sigil of Binding         Hex            0%         N/A       99%         3
 Swiftness                Air            0%         N/A       99%         3
 Vampiric Draining        Necr           0%         2d6       99%         3
 Airstrike                Air            0%         2d(0-16)  100%        4
 Anguish                  Hex/Necr       0%         N/A       100%        4
 Dimensional Bullseye     Hex/Tloc       0%         N/A       100%        4
 Leda's Liquefaction      Hex/Erth       0%         N/A       100%        4
 Olgreb's Toxic Radiance  Pois           0%         N/A       100%        4
 Passage of Golubria      Tloc           0%         N/A       100%        4
 Agony                    Necr           0%         N/A       100%        5
 Freezing Cloud           Conj/Ice/Air   0%         6-21      100%        5
 Iskenderun's Battlesphe  Conj           0%         2d6       100%        5
 Silence                  Hex/Air        0%         N/A       100%        5
 Bombard                  Conj/Erth      0%         9d1       100%        6
 Eringya's Noxious Bog    Tmut/Pois      0%         4d6       100%        6
 Orb of Destruction       Conj           0%         9d5       100%        7
 Borgnjor's Revivificati  Necr           0%         N/A       100%        8
 Lehudib's Crystal Spear  Conj/Erth      0%         10d2      100%        8
 Death's Door             Necr           0%         N/A       100%        9
 Call Canine Familiar     Summ           Unusable   N/A       N/A         3
 Summon Guardian Golem    Hex/Summ       Unusable   N/A       N/A         3
 Summon Lightning Spire   Summ/Air       Unusable   N/A       N/A         4
 Haunt                    Necr/Summ      Unusable   N/A       N/A         7
 Spellforged Servitor     Conj/Summ      Unusable   N/A       N/A         7

Dungeon Overview and Level Annotations

Branches:
Dungeon (15/15)            Temple (0/1) D:7            Lair (5/5) D:10
 Shoals (4/4) Lair:2       Spider (4/4) Lair:2        Slime (0/5) Lair:5
    Orc (2/2) D:9             Elf (0/3) Orc:2        Vaults (5/5) D:13
  Crypt (3/3) Vaults:3       Tomb (0/3) Crypt:3      Depths (4/4) D:15
    Zot (0/5) Depths:4     Bailey (visited)

Altars:
Cheibriados
Dithmenos
Gozag
Kikubaaqudgha
Makhleb
Okawaru
Qazlal
Sif Muna
Trog
Uskayaw
Vehumet
Wu Jian
Yredelemnul
The Shining One
Jiyva
Lugonu

Shops:
D:3 =   D:5 =   D:7 *   D:8 :   Orc:2 ([:*   Vaults:1 !   Vaults:2 ?
Depths:1 :**   Depths:4 !:[

Portals:
Hell: Depths:1 Depths:2 Depths:3 Depths:4
Abyss: Depths:3 Depths:4
Pandemonium: Depths:2
Ziggurat: Depths:3
Trove: D:15 (give 14 scrolls of teleportation)

Annotations:
Spider:3 3 runed translucent doors, confidenceinterval's ghost, adept MiFi
Orc:2 3 runed translucent doors, farilari's ghost, adept KoSu; nitefall's ghost, journeyman MiBe
Vaults:4 3 runed translucent doors, Ukiefoc's ghost, adept DrFE
Depths:2 4 runed translucent doors
Depths:3 2 exclusions


Innate Abilities, Weirdness & Mutations

You have a pair of horns on your head.
You reflexively headbutt those who attack you in melee.


Message History

The tengu reaver pecks you but does no damage.
The tengu reaver closely misses you.
The tengu reaver hits you with the +2 broad axe "Killer Bee's Regret" {antimagic, *Rage Will++ rCorr}!!
* * * LOW HITPOINT WARNING * * *
You feel your power leaking away. The tengu reaver closely misses you.
The tengu reaver claws you but does no damage.
Unknown command.
You bump into the heavily etched metal wall.
The tengu reaver hits you with the +2 broad axe "Killer Bee's Regret" {antimagic, *Rage Will++ rCorr}!
* * * LOW HITPOINT WARNING * * *
You feel your power leaking away.
The tengu reaver pecks you but does no damage.
The tengu reaver claws you but does no damage.
The deep elf high priest closely misses you.
Unknown command.
You bump into the heavily etched metal wall.
You feel less invigorated.
You feel less confused. You block the tengu reaver's attack. x3
You block the deep elf high priest's attack.
The tengu reaver hits you but does no damage.
The tengu reaver pecks you but does no damage.
The tengu reaver claws you.
* * * LOW HITPOINT WARNING * * *
Unknown command.
You barely miss the deep elf high priest.
You headbutt the deep elf high priest!!
The deep elf high priest is heavily wounded.
You hit the tengu reaver. You burn the tengu reaver.
You block the tengu reaver's attack. x2; The tengu reaver claws you!
* * * LOW HITPOINT WARNING * * *
You block the deep elf high priest's attack.
Unknown command.
You barely miss the deep elf high priest.
Your headbutt misses the deep elf high priest.
The deep elf high priest is heavily wounded.
You slice the tengu reaver!! You burn the tengu reaver!
The tengu reaver hits you with the +2 broad axe "Killer Bee's Regret" {antimagic, *Rage Will++ rCorr}!!
You die...

.....### #..#
.......###..#
.......$##..#
.......$#..#
.)|....#..#
#.......#
##).....C#
##.....#Qe#
###......#.@#
####..).....#..#
###..........##..#
#...$..C....[##..#
$.))........###..#
)$[........## #.[#
..).......## #..#
........### #..#
.....#### #..#


You could see a titan (empowered), a tengu reaver (berserk, empowered, repels
missiles) and a deep elf high priest (brilliance aura).

Vanquished Creatures
  A dread lich (Crypt:3)
  Mennas (Vaults:2)
  Sojobo (Depths:3)
  Vv (Depths:4)
  Saint Roka (Orc:2)
  4 golden dragons
  Jory (Vaults:3)
  2 bone dragons
  Arachne (Spider:3)
  A shard shrike zombie (Abyss:3)
  Jorgrun (Shoals:1)
  Mlioglotl (Spider:1)
  A hellephant (Depths:1)
  3 tentacled monstrosities
  Zenata (Vaults:3)
  2 walking earthen tomes (Depths:3)
  5 liches
  A titan (Depths:3)
  A quicksilver dragon (Depths:3)
  Asterion (Vaults:1)
  A walking divine tome (Depths:2)
  An Executioner (Abyss:3)
  A walking frostbound tome (Depths:3)
  2 sphinxes
  Polyphemus (Shoals:2)
  3 krakens
  Frances (D:14)
  2 ancient champions (Crypt:1)
  3 shadow dragons
  Aizul (Shoals:2)
  2 revenants (Crypt:1)
  3 storm dragons
  11 tengu reavers
  3 daevas
  Ilsuiw (Shoals:3)
  11 fire giants
  An iron dragon (Depths:3)
  Donald (Shoals:2)
  Roxanne (D:15)
  4 emperor scorpions
  12 vault wardens
  A juggernaut zombie (Crypt:3)
  7 frost giants
  A draconian shifter (Depths:4)
  8 ghost moths
  5 ghouls
  A draconian stormcaller (Depths:4)
  A curse skull (Crypt:2)
  19 ironbound preservers
  A reaper (Abyss:3)
  9 war gargoyles
  2 caustic shrike skeletons (Crypt:3)
  2 orc warlords
  7 ironbound thunderhulks
  3 formless jellyfish
  4 very ugly things (Depths:3)
  5 spriggan defenders
  10 stone giants
  10 vampire knights
  Nessos (Lair:4)
  A minotaur (Shoals:1)
  A white draconian (Depths:4)
  15 dire elephants
  A purple draconian (Depths:4)
  An eidolon (Crypt:2)
  A yellow draconian (Depths:4)
  8 spark wasps
  5 merfolk javelineers
  4 crystal guardians
  12 ettins
  7 merfolk impalers
  9 yaktaur captains
  15 fire dragons
  8 jiangshi
  8 entropy weavers
  7 ice dragons
  Josephine (D:13)
  4 rakshasas (Depths:3)
  4 great orbs of eyes
  Harold (Orc:1)
  4 peacekeepers
  40 vault guards
  2 catoblepae
  13 ironbound frosthearts
  4 spriggan air magi
  7 hydras
  A fenstrider witch zombie (Crypt:2)
  3 merfolk avatars
  12 centaur warriors
  5 merfolk aquamancers
  A death knight (D:14)
  3 radroaches
  A spriggan skeleton (Depths:3)
  5 dancing weapons (Crypt:3)
  A jorogumo (Spider:3)
  2 two-headed ogres
  8 tengu warriors
  7 boulder beetles
  6 satyrs
  3 hell hogs (Depths:1)
  6 thrashing horrors (Abyss:3)
  Urug (Orc:2)
  10 deep troll earth magi
  4 death yaks (Shoals:2)
  5 vampire magi
  A bennu skeleton (Crypt:2)
  A titan zombie (Crypt:3)
  An occultist (Depths:3)
  10 demonic crawlers
  4 deep troll shamans
  22 hell knights
  7 spriggan berserkers
  Nergalle (Orc:1)
  An orc high priest (Orc:2)
  2 soul eaters
  3 skysharks
  2 sixfirhies
  3 iron trolls
  A titan skeleton (Crypt:3)
  A shadow wraith (Crypt:2)
  28 skeletal warriors
  4 flayed ghosts
  A spatial maelstrom (Abyss:3)
  4 pharaoh ants
  A deep troll (shapeshifter) (Vaults:2)
  58 deep trolls
  A death drake (shapeshifter) (Depths:4)
  An anaconda zombie (Crypt:3)
  A bog body (Crypt:2)
  6 orb spiders
  2 glowing orange brains (Depths:1)
  4 large abominations (Abyss:3)
  16 sea snakes
  A ghost moth zombie (Crypt:1)
  3 phantasmal warriors
  21 ironbound convokers
  2 tengu skeletons
  12 necromancers
  A tengu zombie (Depths:2)
  5 orc knights
  5 arcanists
  34 harpies
  9 lindwurms
  21 wolf spiders
  5 steelbarb worms
  2 cyclopes
  A faun (shapeshifter) (Depths:3)
  25 fauns
  A stone giant zombie (Crypt:3)
  2 orc sorcerers (Orc:2)
  2 moths of wrath
  12 manticores
  32 ugly things
  A will-o-the-wisp (Abyss:3)
  13 elephants
  Joseph (D:9)
  3 smoke demons
  9 black mambas
  An alligator snapping turtle zombie (Crypt:3)
  A guardian serpent (Lair:5)
  6 water nymphs
  10 merfolk sirens
  7 centaur zombies
  A torpor snail (Spider:4)
  A human zombie (Vaults:1)
  5 kobold blastminers (Orc:2)
  18 cane toads
  A gargoyle (D:12)
  22 vault sentinels
  An eye of devastation (shapeshifter) (Depths:3)
  16 komodo dragons
  A hellion (Depths:2)
  8 rime drakes
  Psyche (D:10)
  9 tengu conjurers
  A death yak zombie (Crypt:1)
  3 freezing wraiths
  10 yaktaurs
  2 ancient zymes (Abyss:3)
  A harpy zombie (Crypt:3)
  6 trolls
  21 merfolk
  7 meliai
  9 hornets
  A hellwing (Abyss:3)
  2 polar bears
  Prince Ribbit (Bailey)
  9 wind drakes
  A harpy skeleton (Crypt:3)
  A hydra skeleton (Crypt:1)
  33 tarantellas
  Grinder (D:6)
  A human simulacrum (Vaults:1)
  7 raiju (Abyss:3)
  9 blink frogs
  10 snapping turtles
  A dream sheep (shapeshifter) (Vaults:2)
  A meliai zombie (D:14)
  19 culicivoras
  An iron dragon simulacrum (Depths:2)
  7 spriggans
  2 ettin zombies
  A jumping spider (shapeshifter) (D:15)
  20 jumping spiders
  17 water elementals
  28 slime creatures
  2 vampires
  7 wraiths
  3 small abominations (Abyss:3)
  37 flying skulls
  23 wyverns
  58 yaks
  2 ynoxinuls (Abyss:3)
  4 shadows
  17 starcursed masses (Abyss:3)
  11 basilisks
  4 humans (Bailey)
  A redback (shapeshifter) (Depths:3)
  A steam dragon (D:9)
  47 redbacks
  2 vampire mosquitoes (D:14)
  A chaos spawn (Abyss:3)
  2 acid dragons
  4 wargs
  23 water moccasins
  3 glowing shapeshifter skeletons
  An ice beast (D:7)
  20 orc warriors
  An ettin simulacrum (Vaults:1)
  A cane toad skeleton (Crypt:1)
  10 ogres
  24 wolves
  A manticore skeleton (Crypt:1)
  27 centaurs
  2 phantoms
  2 kobold brigands (D:9)
  A draconian zombie (Crypt:1)
  17 bullfrogs
  5 gnoll sergeants
  3 necrophages (Crypt:3)
  2 scorpions
  4 wights (D:9)
  3 killer bees (Lair:2)
  3 electric eels
  9 howler monkeys
  18 orc priests
  6 jellies
  A gnoll bouda (D:8)
  5 hounds
  A sleepcap (D:6)
  Jessica (D:2)
  13 iguanas
  5 hell rats (Lair:4)
  28 orc wizards
  A naga zombie (Crypt:1)
  A hound zombie (Crypt:2)
  Robin (D:2)
  37 gnolls
  2 howler monkey skeletons
  7 adders
  A shadow imp (D:6)
  A white imp (D:6)
  3 ufetubi
  An iguana skeleton (Crypt:1)
  2 dart slugs
  62 orcs
  2 endoplasms (D:4)
  3 giant cockroaches
  9 hobgoblins
  7 jackals
  18 kobolds
  4 quokkas
  6 ball pythons
  A ball python skeleton (Crypt:1)
  6 frilled lizards
  19 goblins
  A hobgoblin skeleton (Crypt:2)
  2 rats
  A rat skeleton (Crypt:2)
  7 tentacles
1884 creatures vanquished.

Vanquished Creatures (others)
  A fire giant (Depths:2)
  A catoblepas (Lair:4)
  A merfolk aquamancer (Shoals:3)
  3 harpies (Shoals:4)
  A tengu conjurer (D:13)
  A water elemental (Shoals:3)
  3 orc wizards
  4 foxfires (Abyss:3)
  20 tentacles
35 creatures vanquished.

Grand Total: 1919 creatures vanquished

Notes
Turn   | Place    | Note
-------+----------+-------------------------------------------
     0 | D:1      | MacCMillion the Minotaur Fighter began the quest for the
                  | Orb.
     0 | D:1      | Reached XP level 1. HP: 19/19 MP: 0/0
   119 | D:1      | Reached XP level 2. HP: 25/27 MP: 1/1
   865 | D:2      | Noticed Robin
   891 | D:2      | Reached XP level 3. HP: 20/33 MP: 2/2
   891 | D:2      | Killed Robin
   944 | D:2      | Noticed Jessica
   947 | D:2      | Killed Jessica
  1010 | D:2      | Found a basalt altar of Yredelemnul.
  1016 | D:2      | Reached skill level 5 in Axes
  1016 | D:2      | Reached XP level 4. HP: 40/40 MP: 3/3
  1633 | D:3      | Reached XP level 5. HP: 46/46 MP: 4/4
  1776 | D:3      | Noticed a water moccasin
  1788 | D:3      | Killed a water moccasin
  1985 | D:2      | Reached XP level 6. HP: 33/52 MP: 5/5
  2084 | D:3      | Found Fulijy's Jewellery Emporium.
  2113 | D:3      | Found a faded altar of an unknown god.
  2849 | D:4      | Found a snail-covered altar of Cheibriados.
  3221 | D:4      | Reached XP level 7. HP: 48/58 MP: 4/6
  4036 | D:5      | Entered Level 5 of the Dungeon
  4051 | D:5      | Reached skill level 10 in Axes
  4133 | D:5      | Identified the +1 leather armour of Jeod {rPois rN++ Int-2
                  | Dex-3}
  4136 | D:5      | Found Vooc's Jewellery Shoppe.
  4348 | D:5      | You fall into a shaft and drop 1 floor!
  4523 | D:6      | Reached XP level 8. HP: 67/67 MP: 7/7
  4698 | D:6      | Reached skill level 5 in Fighting
  4698 | D:6      | Reached skill level 5 in Armour
  4812 | D:6      | Found an iron altar of Okawaru.
  4917 | D:6      | Became a worshipper of Warmaster Okawaru
  5049 | D:6      | Noticed Grinder
  5060 | D:6      | Paralysed by Grinder for 3 turns
  5066 | D:6      | Paralysed by Grinder for 4 turns
  5076 | D:6      | Paralysed by Grinder for 2 turns
  5081 | D:6      | Killed Grinder
  5368 | D:7      | Found a staircase to the Ecumenical Temple.
  5448 | D:7      | Found Gotwiwtene's Goods Gallery.
  5986 | D:7      | Reached * piety under Okawaru
  6370 | D:7      | Reached XP level 9. HP: 65/78 MP: 8/8
  7381 | D:8      | Reached ** piety under Okawaru
  7698 | D:8      | Found Ybaji's Vocational Training.
  7758 | D:8      | Found a burning altar of Makhleb.
  7951 | D:8      | Found an ornate altar of the Wu Jian Council.
  7951 | D:8      | Found a shadowy altar of Dithmenos.
  8151 | D:9      | Reached skill level 1 in Throwing
  8151 | D:9      | Reached skill level 1 in Invocations
  8191 | D:9      | Reached *** piety under Okawaru
  8379 | D:9      | Reached XP level 10. HP: 71/90 MP: 3/10
  8527 | D:9      | Noticed Joseph
  8578 | D:9      | Killed Joseph
  8578 | D:9      | Reached **** piety under Okawaru
  8891 | D:9      | Found a staircase to the Orcish Mines.
  9173 | D:9      | Reached ***** piety under Okawaru
  9223 | D:9      | Found a shimmering blue altar of Sif Muna.
  9224 | D:9      | Found an ancient bone altar of Kikubaaqudgha.
  9224 | D:9      | Found a radiant altar of Vehumet.
  9227 | D:9      | Got Kikubaaqudgha's Secrets of Skeletons
  9437 | D:10     | Entered Level 10 of the Dungeon
  9545 | D:10     | Reached skill level 10 in Fighting
  9556 | D:10     | Reached skill level 10 in Armour
  9585 | D:10     | Reached XP level 11. HP: 92/99 MP: 4/13
  9627 | D:10     | Noticed Psyche
  9650 | D:10     | Killed Psyche
  9734 | D:10     | Reached skill level 5 in Invocations
  9757 | D:10     | Received a gift from Okawaru
  9792 | D:10     | Noticed a two-headed ogre
  9806 | D:10     | Killed a two-headed ogre
  9869 | D:10     | Found a flagged portal.
  9885 | Bailey   | Entered a bailey
  9994 | Bailey   | Noticed a vault guard
 10006 | Bailey   | Killed a vault guard
 10044 | Bailey   | Noticed a vault guard
 10044 | Bailey   | Noticed Prince Ribbit
 10051 | Bailey   | Killed Prince Ribbit
 10063 | Bailey   | Killed a vault guard
 10063 | Bailey   | Received a gift from Okawaru
 10326 | D:10     | Found a staircase to the Lair.
 10342 | D:10     | Found a stormy altar of Qazlal.
 10687 | D:10     | Reached skill level 15 in Axes
 11118 | D:11     | Noticed a cyan ugly thing
 11138 | D:11     | Killed a cyan ugly thing
 11897 | Lair:1   | Entered Level 1 of the Lair of Beasts
 11912 | Lair:1   | HP: 2/99 [black mamba (8)]
 11917 | Lair:1   | HP: 3/99 [poisoned by a cane toad]
 12082 | Lair:1   | Reached XP level 12. HP: 106/106 MP: 17/17
 12254 | Lair:1   | Received a gift from Okawaru
 14086 | Lair:2   | Found a staircase to the Shoals.
 14188 | Lair:2   | Found a hole to the Spider Nest.
 14202 | Lair:2   | Reached skill level 5 in Shields
 14429 | Lair:2   | Received a gift from Okawaru
 14822 | Lair:3   | Noticed a five-headed hydra
 15019 | Lair:3   | Found a shimmering blue altar of Sif Muna.
 15754 | Lair:3   | Killed a five-headed hydra
 15755 | Lair:3   | Reached skill level 10 in Shields
 15978 | Lair:4   | Reached XP level 13. HP: 113/113 MP: 18/18
 16210 | Lair:4   | Received a gift from Okawaru
 16242 | Lair:4   | Reached ****** piety under Okawaru
 16274 | Lair:4   | Acquired a +4 broad axe of distortion
 16274 | Lair:4   | Received a gift from Okawaru
 16409 | Lair:4   | Noticed Nessos
 16427 | Lair:4   | Killed Nessos
 16593 | Lair:4   | Acquired the +0 gold dragon scales "Zodgh" {rPois rF+ rC+
                  | SInv}
 16593 | Lair:4   | Received a gift from Okawaru
 16735 | Lair:4   | Identified a scroll of acquirement
 16736 | Lair:4   | Acquired the +6 crystal plate armour of Responsibility
                  | {rElec rC- Str+2 Dex+5}
 17252 | Lair:5   | Entered Level 5 of the Lair of Beasts
 17268 | Lair:5   | HP: 4/113 [11-headed hydra (5)]
 17268 | Lair:5   | HP: 1/113 [11-headed hydra (1)]
 17393 | Lair:5   | Received a gift from Okawaru
 17461 | Lair:5   | Reached skill level 15 in Shields
 17478 | Lair:5   | Reached skill level 1 in Dodging
 17736 | Lair:5   | Received a gift from Okawaru
 17737 | Lair:5   | Reached XP level 14. HP: 122/122 MP: 19/19
 17832 | Lair:5   | Paralysed by a hornet for 3 turns
 17917 | Lair:5   | Identified the +0 leather armour of Cowardice {Harm rC+
                  | Dex+3}
 18184 | Lair:5   | Found a staircase to the Slime Pits.
 18191 | Lair:5   | Found a viscous altar of Jiyva.
 18745 | Lair:5   | Received a gift from Okawaru
 19316 | Orc:1    | Entered Level 1 of the Orcish Mines
 19322 | Orc:1    | Noticed Harold
 19336 | Orc:1    | Killed Harold
 19458 | Orc:1    | Noticed Nergalle
 19470 | Orc:1    | Killed Nergalle
 19848 | Orc:2    | Entered Level 2 of the Orcish Mines
 19850 | Orc:2    | Found a bloodstained altar of Trog.
 19924 | Orc:2    | Received a gift from Okawaru
 19997 | Orc:2    | Noticed Saint Roka
 20134 | Orc:2    | Killed Saint Roka
 20323 | Orc:2    | Noticed Urug
 20340 | Orc:2    | Killed Urug
 20464 | Orc:2    | Received a gift from Okawaru
 20492 | Orc:2    | Found Rifaat's General Store.
 20509 | Orc:2    | Found Qaxto's Antique Weapon Shop.
 20530 | Orc:2    | Got a glittering gem
 20532 | Orc:2    | Found Wadil's Antique Armour Shop.
 20584 | Orc:2    | Lost the glittering gem through Zot's cruel spite.Buggy
                  | note description: unknown note type
 20609 | Orc:2    | Found a staircase to the Elven Halls.
 20720 | Orc:2    | Found Xoif's Book Shop.
 20742 | Orc:2    | Bought a potion of heal wounds for 60 gold pieces
 20742 | Orc:2    | Bought a scroll of identify for 24 gold pieces
 20776 | Orc:2    | Found a runed translucent gate.
 20777 | Orc:2    | Found a runed translucent gate.
 20778 | Orc:2    | Found a runed translucent gate.
 20779 | Orc:2    | Noticed farilari's ghost (adept KoSu)
 20780 | Orc:2    | Noticed nitefall's ghost (journeyman MiBe)
 21413 | D:12     | Identified the +8 flail "Becowi Vaxtu" {heavy, rF+ Dex+3}
 21861 | D:13     | Reached XP level 15. HP: 137/137 MP: 20/20
 22046 | D:13     | Noticed Josephine
 22086 | D:13     | Killed Josephine
 22320 | D:13     | Found a gate to the Vaults.
 22321 | D:13     | Noticed a storm dragon
 22339 | D:13     | Killed a storm dragon
 22339 | D:13     | Received a gift from Okawaru
 22445 | D:13     | Identified the +1 robe of the Villain {rElec Dex+5 Stlth-}
 23020 | D:14     | Reached skill level 15 in Armour
 23025 | D:14     | Reached skill level 15 in Fighting
 23092 | D:14     | Noticed Frances
 23110 | D:14     | Killed Frances
 23586 | D:14     | Received a gift from Okawaru
 23594 | D:14     | Acquired the +6 tower shield of the Hanged Man {^Drain
                  | +Blink rElec Str+4}
 23736 | D:15     | Entered Level 15 of the Dungeon
 23794 | D:15     | Found a staircase to the Depths.
 23945 | D:15     | Received a gift from Okawaru
 24003 | D:15     | Found a portal to a secret trove of treasure.
 24594 | D:15     | Noticed Roxanne
 24613 | D:15     | Killed Roxanne
 25102 | Spider:1 | Entered Level 1 of the Spider Nest
 25133 | Spider:1 | Reached skill level 1 in Evocations
 25309 | Spider:1 | Noticed Mlioglotl
 25333 | Spider:1 | Killed Mlioglotl
 25334 | Spider:1 | Reached XP level 16. HP: 123/149 MP: 15/21
 25453 | Spider:1 | Received a gift from Okawaru
 26387 | Spider:1 | Received a gift from Okawaru
 26388 | Spider:1 | Reached skill level 5 in Throwing
 27592 | Spider:3 | Reached skill level 5 in Evocations
 27786 | Spider:3 | Received a gift from Okawaru
 27857 | Spider:3 | Paralysed by a jorogumo for 3 turns
 28428 | Spider:3 | Found a runed translucent gate.
 28428 | Spider:3 | Found a runed translucent gate.
 28428 | Spider:3 | Found a runed translucent gate.
 28448 | Spider:3 | Noticed confidenceinterval's ghost (adept MiFi)
 28529 | Spider:4 | Entered Level 4 of the Spider Nest
 28542 | Spider:4 | Noticed Arachne
 28557 | Spider:3 | Killed Arachne
 28613 | Spider:3 | Received a gift from Okawaru
 29155 | Spider:4 | Reached XP level 17. HP: 131/156 MP: 1/22
 29160 | Spider:4 | Received a gift from Okawaru
 30096 | Spider:4 | Reached skill level 10 in Throwing
 30104 | Spider:4 | Received a gift from Okawaru
 30247 | Spider:4 | Identified the +0 pair of boots of Words of Power {Str+4}
 30297 | Spider:4 | Got a gossamer rune of Zot
 30736 | Shoals:1 | Entered Level 1 of the Shoals
 31136 | Shoals:1 | Noticed Jorgrun
 31234 | Shoals:1 | Killed Jorgrun
 31404 | Shoals:1 | Found a hide-covered altar of Uskayaw.
 31511 | Shoals:1 | Received a gift from Okawaru
 31932 | Shoals:2 | Identified the serpent talisman of the Grim God {Str-5
                  | Dex+3}
 31932 | Shoals:2 | Noticed Aizul
 31944 | Shoals:2 | Killed Aizul
 32017 | Shoals:2 | Noticed Donald
 32035 | Shoals:2 | Killed Donald
 32111 | Shoals:2 | Received a gift from Okawaru
 32200 | Shoals:2 | Noticed a kraken
 32210 | Shoals:2 | Killed a kraken
 32374 | Shoals:2 | Noticed Polyphemus
 32402 | Shoals:2 | Killed Polyphemus
 32539 | Shoals:2 | Reached XP level 18. HP: 162/168 MP: 23/23
 32933 | Shoals:2 | Received a gift from Okawaru
 33015 | Shoals:3 | Noticed Ilsuiw
 33040 | Shoals:4 | Entered Level 4 of the Shoals
 33695 | Shoals:3 | Identified the +9 dagger of the Thieving Jester {drain,
                  | *Noise rC+ rN+ rCorr}
 33759 | Shoals:3 | Killed Ilsuiw
 34224 | Shoals:4 | Received a gift from Okawaru
 35788 | Shoals:4 | Received a gift from Okawaru
 35799 | Shoals:4 | Got a barnacled rune of Zot
 35849 | Shoals:4 | Identified the ring "Ceifux" {Fly Str+5 Int+2}
 36128 | Vaults:1 | Entered Level 1 of the Vaults
 36584 | D:13     | Identified the +10 plate armour of the Disturbing Knives
                  | {rC++ rN+ SInv}
 36820 | D:3      | Bought the ring "Giyt" {rElec rPois Will+ Str+6} for 717
                  | gold pieces
 36820 | D:3      | Bought a ring of protection from cold for 300 gold pieces
 37360 | Vaults:1 | Noticed Asterion
 37369 | Vaults:1 | Killed Asterion
 37576 | Vaults:1 | Reached XP level 19. HP: 183/183 MP: 24/24
 37616 | Vaults:1 | Found Upugi's Distillery.
 37889 | Vaults:1 | Received a gift from Okawaru
 38750 | Vaults:2 | Received a gift from Okawaru
 39022 | Vaults:2 | Noticed Mennas
 39064 | Vaults:2 | Killed Mennas
 39455 | Vaults:2 | Received a gift from Okawaru
 39659 | Vaults:2 | Identified the +8 arbalest "Fahepuci" {heavy, rF+ Int+3
                  | Stlth+}
 40383 | Vaults:2 | Identified the +10 plate armour "Nokihud" {rN+}
 40509 | Vaults:2 | Found Adodgh's Magic Scroll Shop.
 40512 | Vaults:2 | Bought a scroll of blinking for 135 gold pieces
 40512 | Vaults:2 | Bought a scroll of blinking for 135 gold pieces
 40642 | Vaults:3 | Found a staircase to the Crypt.
 40899 | Vaults:3 | Received a gift from Okawaru
 41030 | Vaults:3 | Reached XP level 20. HP: 198/198 MP: 25/25
 41262 | Vaults:2 | Received a gift from Okawaru
 41281 | Vaults:3 | Noticed Zenata
 41398 | Vaults:3 | Killed Zenata
 41767 | Vaults:3 | Noticed Jory
 41770 | Abyss:3  | Cast into level 3 of the Abyss (Jory)
 42038 | Abyss:3  | Received a gift from Okawaru
 42113 | Abyss:3  | Paralysed by accursed screaming for 1 turns
 42172 | Vaults:3 | Escaped the Abyss
 42347 | Vaults:3 | Killed Jory
 43542 | Vaults:4 | Reached skill level 15 in Throwing
 43556 | Vaults:4 | Found a runed translucent gate.
 43556 | Vaults:4 | Found a runed translucent gate.
 43556 | Vaults:4 | Found a runed translucent gate.
 43556 | Vaults:4 | Noticed Ukiefoc's ghost (adept DrFE)
 43643 | Vaults:4 | Found a runed gate.
 43643 | Vaults:4 | Found a runed gate.
 43643 | Vaults:4 | Found a runed gate.
 43710 | Vaults:4 | Received a gift from Okawaru
 44548 | Vaults:4 | Reached XP level 21. HP: 209/209 MP: 19/26
 44957 | Vaults:4 | Found a glowing golden altar of the Shining One.
 45364 | Depths:1 | Entered Level 1 of the Depths
 45863 | Depths:1 | Found a gateway to Hell.
 45933 | Depths:1 | Received a gift from Okawaru
 46129 | Depths:1 | Found Ytaups's Assorted Antiques.
 46134 | Depths:1 | Found Liaf's Book Boutique.
 46430 | Depths:1 | Bought a scroll of teleportation for 96 gold pieces
 46430 | Depths:1 | Bought a pair of glowing gloves for 240 gold pieces
 46430 | Depths:1 | Bought a scroll of teleportation for 96 gold pieces
 46430 | Depths:1 | Bought a runed scarf for 256 gold pieces
 46436 | Depths:1 | Bought a manual of Fighting for 1120 gold pieces
 46571 | Depths:1 | Found Seoxtar's Blood Bar.
 47130 | Depths:2 | Received a gift from Okawaru
 47183 | Depths:2 | Found a runed translucent door.
 47907 | Depths:2 | Found a runed translucent door.
 47908 | Depths:2 | Noticed a caustic shrike
 47991 | Depths:2 | Found a runed translucent door.
 47998 | Depths:2 | Found a runed translucent door.
 48005 | Depths:2 | Acquired 780 gold pieces
 48011 | Depths:2 | Identified the staff of Cija Fokleps {rElec Dex+2 Air}
 48082 | Depths:2 | Received a gift from Okawaru
 48497 | Depths:2 | Reached skill level 5 in Dodging
 48499 | Depths:2 | Found a stormy altar of Qazlal.
 48534 | Depths:2 | Found a one-way gate leading to the halls of Pandemonium.
 48650 | Depths:2 | Identified the +1 dire flail of Massacring {heavy, Int+5
                  | Dex-3}
 49594 | Depths:3 | Reached XP level 22. HP: 203/220 MP: 27/27
 49841 | Depths:3 | Found a one-way gate to the infinite horrors of the Abyss.
 50517 | Depths:3 | Received a gift from Okawaru
 50572 | Depths:3 | Found a one-way gateway to a ziggurat.
 51435 | Depths:3 | Got the Dissertation on Entranced Transition
 51557 | Depths:4 | Entered Level 4 of the Depths
 51557 | Depths:4 | Noticed Sojobo
 51557 | Depths:4 | Found Odelakab's Book Boutique.
 51577 | Depths:3 | Killed Sojobo
 51577 | Depths:3 | Received a gift from Okawaru
 51578 | Depths:3 | Reached skill level 10 in Dodging
 51906 | Depths:4 | Noticed Vv
 52209 | Depths:4 | Killed Vv
 52229 | Depths:4 | Found a gate to the Realm of Zot.
 52389 | Depths:4 | Received a gift from Okawaru
 52436 | Depths:4 | Found Ymogoeni's Distillery.
 52642 | Depths:4 | Found a corrupted altar of Lugonu.
 53047 | Depths:4 | Found Bita's General Store.
 53129 | Depths:4 | Found Ugro's Armour Shop.
 53288 | Depths:4 | Found an opulent altar of Gozag.
 53538 | Depths:3 | Noticed a golden dragon
 53556 | Depths:3 | Killed a golden dragon
 53809 | Depths:3 | Identified the +8 hand axe of Red Wine {flame, rCorr Str+5
                  | SInv}
 53889 | Depths:4 | Bought a potion of experience for 700 gold pieces
 54346 | D:3      | Bought a ring of positive energy for 240 gold pieces
 54693 | Crypt:1  | Entered Level 1 of the Crypt
 54761 | Crypt:1  | Reached skill level 10 in Invocations
 55143 | Crypt:1  | Received a gift from Okawaru
 55616 | Crypt:2  | Reached XP level 23. HP: 174/229 MP: 30/30
 56339 | Crypt:3  | Entered Level 3 of the Crypt
 56951 | Crypt:3  | Found a basalt altar of Yredelemnul.
 56951 | Crypt:3  | Noticed a dread lich
 56963 | Crypt:3  | Paralysed by a dread lich for 3 turns
 56970 | Crypt:3  | Killed a dread lich
 56970 | Crypt:3  | Received a gift from Okawaru
 57065 | Crypt:3  | Found a staircase to the Tomb.
 57074 | Crypt:3  | Identified the +1 chain mail of the Lemon {rC+}
 57311 | Crypt:3  | Identified the staff of Hysm {rElec Dex-2 Ice Air Poison}
 57846 | Crypt:3  | Found a basalt altar of Yredelemnul.
 57852 | Crypt:3  | Found a staircase to the Tomb.
 58266 | Vaults:5 | Entered Level 5 of the Vaults
 58270 | Vaults:5 | Received a gift from Okawaru
 58532 | Vaults:5 | Identified the +2 broad axe "Killer Bee's Regret"
                  | {antimagic, *Rage Will++ rCorr}
 58549 | Vaults:5 | Mangled by a tengu reaver

Illustrated notes

Levels and vault maps discovered:
D:1:      wander_arrival_chamber, layout_rooms
D:2:      layout_loops_corners, basic_altar, kennysheep_minor_cross,
          dk_vineyard_1, uniq_jessica, uniq_robin
D:3:      layout_loops_ring, serial_shops, nicolae_shop_tiny_statue_garden,
          shapermc_ecumenical_altar_notcrosses
D:4:      layout_gridville, cheibriados_altar_1
D:5:      layout_cave_pools, nicolae_overflow_hidden_temple, marbit_many_paths,
          serial_shops, nicolae_shop_trees
D:6:      layout_loops_corners, mainiacjoe_overflow_alcove_1, chequers_jeans,
          uniq_grinder
D:7:      minmay_spotlight, layout_basic, minmay_temple_entry_statues_fountains,
          nicolae_alphabet_shops, minmay_door_square, kennysheep_generic_room_15
D:8:      layout_basic, mainiacjoe_overflow_catwalk,
          gammafunk_temple_overflow_statue, nicolae_shop_vocational
D:9:      layout_loops_ring, grunt_temple_overflow_magic_moments, erik_orc_4,
          uniq_joseph
D:10:     layout_stronghold, kennysheep_mini, lair_entry_dummy, enter_bailey_3,
          st_stairs_3, uniq_psyche
D:11:     layout_loops_ring
D:12:     layout_roguey
D:13:     layout_roguey, hellmonk_vaults_attempted_burglary, uniq_josephine
D:14:     layout_irregular_city, infiniplex_staircase_hallway_doors,
          serial_undead, serial_undead_a, serial_undead_b, serial_undead_c,
          serial_undead_f, uniq_frances
D:15:     hangedman_depths_entry_civil_slaughter, layout_small_grid,
          enter_trove_1, minmay_misc_feat_five, st_stairs_5, uniq_roxanne
Lair:1:   layout_cave_shapes, grunt_megastairs_3
Lair:2:   beast_lair_carwin_large_1, layout_chaotic_city,
          minmay_shoals_entry_centaurs, hellmonk_spider_entry_not_the_bees,
          chequers_serial_rivers_large_a, infiniplex_staircase_pool_2
Lair:3:   layout_big_grid, chequers_serial_rivers_micro_b, lemuel_centaur_altar
Lair:4:   layout_small_grid, special_room [special_room_mythical_zoo],
          wad_woods_01, uniq_nessos
Lair:5:   hangedman_lair_tendril_chambers, layout_regular_city,
          nicolae_slime_entry_field_trip, serial_bayou_shore_b,
          serial_bayou_shore_a
Shoals:1: layout_shoals, regret_index_shoals_crete, uniq_jorgrun
Shoals:2: layout_shoals, uniq_aizul, uniq_donald, uniq_polyphemus
Shoals:3: layout_shoals, nicolae_shoals_water_shrine, uniq_ilsuiw
Shoals:4: shoals_end_hangedman, layout_shoals
Spider:1: layout_spider_delve, uniq_mlioglotl
Spider:2: layout_spider_delve
Spider:3: layout_cave_pods, gammafunk_ghost_necromancy
Spider:4: spider_rune_water, uniq_arachne
Orc:1:    layout_diamond_mine, uniq_harold, uniq_nergalle
Orc:2:    grunt_orc_cross, layout_diamond_mine, gammafunk_ghost_cemetery,
          basic_altar
Vaults:1: nicolae_vaults_angled_halls, v_misc_22, nicolae_vaults_lightning_bolt,
          nicolae_vaults_angled_halls, nicolae_vaults_shelves_hall,
          vaults_dpeg_ring, ontoclasm_vaults_shuriken,
          nicolae_vaults_offset_grid_hallway_3, v_misc_18, vaults_room_pool,
          v_alt_pattern_5, layout_vaults_big_room, serial_shops,
          nicolae_shop_pleasant_corner_grove, uniq_asterion
Vaults:2: nicolae_vaults_more_shelving_2, vaults_room_door_hall,
          vaults_room_guarded_vault, nicolae_vaults_network_quinsquares
          [nicolae_vaults_network_quincunx_subvault,
          nicolae_vaults_network_quincunx_subvault,
          nicolae_vaults_network_quincunx_subvault,
          nicolae_vaults_network_quincunx_subvault],
          nicolae_vaults_weapon_check, nicolae_vaults_six-pack,
          vaults_dpeg_doors, nicolae_vaults_apartment_1,
          nicolae_vaults_yaktaur_gun_rack, nicolae_vaults_diamond_1,
          ontoclasm_vaults_idyll, nicolae_vaults_trapezoid_4, v_alt_pattern_1,
          nicolae_vaults_hexular_roomagon, layout_vaults_omnibox, serial_shops,
          nicolae_shop_rolled_up, uniq_mennas
Vaults:3: vaults_room_fancy_cross, vaults_room_large_hall,
          minmay_crypt_entry_simple_round, nicolae_vaults_diagonal_hallway_7,
          nicolae_vaults_diamond_1, nicolae_vaults_trapezoid_2,
          hangedman_vaults_restitches, v_rooms_5,
          nicolae_vaults_big_angled_halls, nicolae_vaults_apartment_1,
          nicolae_vaults_specimen_jars, vaults_room_door_ring, vaults_mumra_hex,
          vaults_mumra_hexcomb, ontoclasm_vaults_eye, layout_vaults_omnicross,
          uniq_jory, uniq_zenata
Vaults:4: ebering_ghost_rock_garden, nicolae_vaults_six-pack,
          nicolae_vaults_door_testing_chamber, v_rooms_5,
          nicolae_vaults_trapezoid_1, v_pattern_5, v_misc_18,
          grunt_vaults_funnel, vaults_dpeg_encased_lava,
          abrahamwl_protected_by_tso_2, nicolae_vaults_little_squares_1,
          nicolae_vaults_trapezoid_lopsided_1, layout_vaults_maze_snakey
Vaults:5
Crypt:1:  layout_basic, corexii_leaking_fountain, grunt_crypt_arrival_split
Crypt:2:  layout_chaotic_city, grunt_ministairs_5
Crypt:3:  cryptofortress_bobbens
Depths:1: layout_roguey, grunt_hell_horde, guppyfry_shop_blood,
          serial_bayou_shore_b, hangedman_decor_cross_pass, minmay_shoptagon,
          uniq_saint_roka
Depths:2: minmay_the_grid_four_pointed_star_mashed
          [minmay_the_grid_triangle_9x9_negative_grid,
          minmay_the_grid_triangle_9x9_subtriangle,
          minmay_the_grid_triangle_9x9_fully_insulated_deathbox,
          minmay_the_grid_triangle_9x9_skeleton,
          minmay_the_grid_prize_big_room], layout_gridlike, hell_entry,
          rand_demon_pan_entry_1, nicolae_qazlal_scattered_showers
Depths:3: minmay_nested_s, layout_gridlike, enter_ziggurat_d, hell_entry,
          abyss_entry, infiniplex_staircase_pool_lava
Depths:4: evilmike_zot_entry_diamond, layout_cave_pools,
          nicolae_gozag_cash_rules_everything_around_me, serial_shops,
          nicolae_shop_peninsula, nicolae_shop_hallway_plus, shop,
          nicolae_shop_statue_plus, abyss_entry_flame_altar, hell_entry,
          uniq_vv, uniq_josephina, uniq_sojobo

Skill      XL: |  1  2  3  4  5  6  7  8  9 10 11 12 13 14 15 16 17 18 19 20 21 22 23 |
---------------+----------------------------------------------------------------------+-----
Shields        | 4 10 15 17 19 20 23 24 | 24.2
Axes           | 3 5 6 7 9 10 11 12 13 16 18 19 22 | 22.0
Fighting       | 4 6 8 10 13 15 16 19 21 22 23 24 | 24.2
Armour         | 4 6 8 10 13 15 16 19 21 22 23 | 23.1
Throwing       | 1 4 8 12 13 15 16 | 16.0
Invocations    | 1 4 8 9 11 12 | 12.0
Dodging        | 2 3 8 12 | 12.0
Evocations     | 2 5 |  5.0

Action                     |  1- 3 |  4- 6 |  7- 9 | 10-12 | 13-15 | 16-18 | 19-21 | 22-24 || total
---------------------------+-------+-------+-------+-------+-------+-------+-------+-------++-------
  Melee: War axe           |    60 |   127 |   284 |   396 |       |       |       |       ||   867
         Headbutt          |     8 |    21 |    58 |   174 |   244 |   266 |   353 |   231 ||  1355
         Broad axe         |       |       |       |   323 |  1024 |  1190 |  1265 |   766 ||  4568
         Trident           |       |       |       |     4 |     7 |       |       |       ||    11
  Throw: Boomerang         |       |       |     5 |     5 |     5 |    45 |    46 |    43 ||   149
         Dart              |       |       |     8 |       |     7 |    33 |       |       ||    48
         Javelin           |       |       |       |     1 |     4 |     7 |    22 |    19 ||    53
 Invoke: Heroism           |       |       |       |     7 |     4 |     5 |     5 |     6 ||    27
         Receive Weapon    |       |       |       |       |     1 |       |       |       ||     1
         Receive Armour    |       |       |       |       |     1 |       |       |       ||     1
         Finesse           |       |       |       |       |     2 |     2 |     3 |     4 ||    11
Ability: Evoke Blink       |       |       |       |       |       |       |       |     1 ||     1
  Evoke: Wand              |       |       |       |       |     2 |       |       |       ||     2
    Use: Scroll            |       |       |       |    11 |    21 |    11 |     3 |     4 ||    50
         Potion            |       |       |       |       |     1 |     6 |     3 |     2 ||    12
   Stab: Distracted        |       |       |       |       |     1 |       |       |       ||     1
 Armour: Scale mail        |    21 |       |       |       |       |       |       |       ||    21
         Chain mail        |    22 |    55 |       |       |       |       |       |       ||    77
         Plate armour      |       |    38 |   206 |   520 |   140 |       |       |    86 ||   990
         Gold dragon scale |       |       |       |       |   641 |   618 |   407 |   202 ||  1868
  Dodge: Dodged            |    27 |    57 |    50 |   222 |   339 |   300 |   173 |   122 ||  1290
  Block: Buckler           |    17 |    28 |    54 |   165 |       |       |       |       ||   264
         Kite shield       |       |       |       |     2 |   504 |       |       |       ||   506
         Tower shield      |       |       |       |       |   235 |  1800 |  1385 |   866 ||  4286
         Reflection        |       |       |       |       |       |    29 |    38 |     9 ||    76

Table legend: (Time is in decaauts)
 A = Elapsed time spent in this place.
 B = Non-inter-level travel time spent in this place.
 C = Inter-level travel time spent in this place.
 D = Time resting spent in this place.
 E = Time spent auto-exploring this place.
 F = Levels seen in this place.
 G = Mean time per level.
                   A        B        C        D        E       F      G
               +--------+--------+--------+--------+--------+-----+--------+
         Total |  57844 |  52236 |   5608 |  12272 |  28436 |  44 | 1314.6 |
       Dungeon |  17791 |  14752 |   3039 |   2661 |   9042 |  15 | 1186.1 |
          Lair |   6630 |   6212 |    418 |   1457 |   3223 |   5 | 1326.0 |
        Shoals |   5467 |   5216 |    251 |   1728 |   1351 |   4 | 1366.8 |
   Spider Nest |   5491 |   5239 |    252 |   1496 |   2856 |   4 | 1372.8 |
  Orcish Mines |   1737 |   1671 |     66 |    373 |    948 |   2 |  868.5 |
        Vaults |   8684 |   7919 |    765 |   2281 |   4285 |   5 | 1736.8 |
         Crypt |   3256 |   3048 |    208 |    192 |   2245 |   3 | 1085.3 |
        Depths |   8116 |   7509 |    607 |   1940 |   4291 |   4 | 2029.0 |
         Abyss |    371 |    371 |      0 |    107 |     84 |   1 |  371.0 |
        Bailey |    297 |    297 |      0 |     35 |    108 |   1 |  297.0 |
               +--------+--------+--------+--------+--------+-----+--------+

Top non-repeatable levels by time:
Depths:3: 3209 daAuts
Depths:2: 2253 daAuts
Vaults:1: 2227 daAuts
Vaults:4: 2165 daAuts
Vaults:3: 2126 daAuts
Vaults:2: 2098 daAuts
Shoals:4: 2036 daAuts
  Lair:5: 1810 daAuts
  Lair:1: 1752 daAuts
    D:10: 1608 daAuts
 Crypt:3: 1603 daAuts
Spider:4: 1601 daAuts
     D:7: 1600 daAuts
     D:3: 1587 daAuts
Depths:1: 1579 daAuts
